 Dungeon Crawl Stone Soup version 0.30-a0-329-g85436e0a43 (webtiles) character file.

Game seed: 10343559349783906205

292 purpskrrrp the Shooter (level 6, -6/56 HPs)
             Began as a Naga Hunter on Oct 28, 2022.
             Was a Believer of Fedhas.
             Mangled by a gnoll
             ... wielding a +0 halberd
             ... led by a gnoll bouda
              (15 damage)
             ... on level 4 of the Dungeon.
             The game lasted 00:07:30 (2417 turns).

purpskrrrp the Shooter (Naga Hunter)                Turns: 2417, Time: 00:07:30

Health: -6/56      AC:  3    Str: 14    XL:     6   Next: 33%
Magic:  7/7        EV: 10    Int:  9    God:    Fedhas [**....]
Gold:   122        SH:  0    Dex: 16    Spells: 5/5 levels left

rFire   . . .      SeeInvis +    a - +1 shortbow
rCold   . . .      Faith    .    (shield currently unavailable)
rNeg    . . .      Spirit   .    c - +0 leather armour
rPois   +          Reflect  .    (no helmet)
rElec   .          Harm     .    (no cloak)
rCorr   .          Rampage  .    (no gloves)
Will    .....                    (no barding)
Stlth   +.........               (no amulet)
HPRegen 0.29/turn                (no ring)
MPRegen 0.10/turn                (no ring)

@: confused, short of breath, ambrosia-drunk, weakened, very slow
A: AC +2, large, see invisible, deformed body, poison resistance, slowness 2,
spit poison 1, naga tail 1
a: Spit Poison, Renounce Religion, Wall of Briars


You were on level 4 of the Dungeon.
You worshipped Fedhas.
Fedhas was pleased with you.
You visited 1 branch of the dungeon, and saw 4 of its levels.

You collected 122 gold pieces.

Inventory:

Hand Weapons
 a - a +1 shortbow (weapon)
Armour
 c - a +0 leather armour (worn)
 n - an orb of guile
Scrolls
 m - a scroll of immolation
Potions
 e - a potion of magic {unknown}
 f - 2 potions of degeneration {unknown}
 g - a potion of brilliance {unknown}
 h - a potion of attraction {unknown}
 i - 2 potions of ambrosia
 k - 2 potions of heal wounds {unknown}
 l - a potion of flight {unknown}


   Skills:
 + Level 3.3 Fighting
 * Level 4.9 Ranged Weapons
 + Level 2.6 Dodging
 + Level 4.4 Stealth
 + Level 1.6 Invocations


You had 5 spell levels left.
You didn't know any spells.
Your spell library contained the following spells:

 Spells                   Type           Power      Damage    Failure   Level
 Ensorcelled Hibernation  Hex/Ice        0%         N/A       61%         2
 Passwall                 Tmut/Erth      0%         N/A       61%         2
 Swiftness                Air            0%         N/A       83%         3


Dungeon Overview and Level Annotations

Branches:
Dungeon (4/15)
 Temple: D:4-7

Altars:
Fedhas


Innate Abilities, Weirdness & Mutations

Your serpentine skin is tough. (AC +2)
You have supernaturally acute eyesight. (SInv)
Armour fits poorly on your strangely shaped body.
Your system is resistant to poisons. (rPois)
You cover ground very slowly.
You can spit poison.
You have a snake-like lower body.


Message History

The gnoll bouda is moderately wounded.
The gnoll bouda completely misses you.
The gnoll bouda hits you with a +0 whip.
The gnoll bouda barks out a call to the hunt!
You hear a shout!
As you read the scroll of fog, it crumbles to dust.
The scroll dissolves into smoke.
You have got your breath back.
The gnoll barely misses you.
Okay, then.
Aiming: Grow Ballistomycete (52% risk of failure)
Press: ? - help, Dir - move target, f - you, p - gnoll bouda A ballistomycete grows from the ground.
You can no longer grow a ballistomycete.
The gnoll bouda hits you with a +0 whip!
The gnoll barely misses you.
Aiming: Spit Poison (1% risk of failure)
Press: ? - help, Shift-Dir - straight line, f - gnoll bouda
Aim: a gnoll bouda, wielding a +0 whip and wearing a +0 leather armour (black smoke, moderately wounded, ally target, 65% to hit)
The splash of poison hits the gnoll bouda!
The gnoll bouda is poisoned.
The gnoll bouda is severely wounded.
The gnoll bouda gazes fiercely through you!
You feel your attacks grow feeble.
The gnoll bouda hits you with a +0 whip!
The gnoll hits you from afar with a +0 halberd!
* * * LOW HITPOINT WARNING * * *
A briar patch grows up from the ground.
The gnoll bouda prays to its god.
The gnoll bouda is healed somewhat.
The gnoll closely misses you.
You are confused.
You feel invigorated.
The gnoll bouda hits you with a +0 whip!
* * * LOW HITPOINT WARNING * * *
The gnoll closely misses you.
You shoot an arrow. The gnoll is no longer moving quickly.
The gnoll bouda barely misses you.
The gnoll hits you from afar with a +0 halberd!
You die...
Fedhas appreciates your contribution to the ecosystem.

....# ##....# #.$...
#. #.... #. #... ..
#.. #. ####.#### ..
#@##g...# #.
#Pgg§...##### #.
#####........ #.
#.####### ##. #g# ##
##)) #.##.## ##...
#######.#...####...)
...............+....
..#####.#...####....


You could see a gnoll bouda (poisoned, ally target), a gnoll and a friendly
ballistomycete (summoned).

Vanquished Creatures
  A scorpion (D:4)
  An orc priest (D:3)
  Jessica (D:3)
  5 adders
  3 gnolls (D:3)
  A shadow imp (D:4)
  3 worms
  A dart slug (D:1)
  10 orcs
  2 ball pythons
  4 bats
  7 endoplasms
  5 giant cockroaches
  4 goblins
  6 hobgoblins
  2 jackals (D:1)
  4 quokkas
  6 frilled lizards
  5 kobolds
  7 rats
78 creatures vanquished.

Notes
Turn   | Place    | Note
-------+----------+-------------------------------------------
     0 | D:1      | purpskrrrp the Naga Hunter began the quest for the Orb.
     0 | D:1      | Reached XP level 1. HP: 19/19 MP: 1/1
    52 | D:1      | Reached XP level 2. HP: 17/26 MP: 2/2
   163 | D:1      | Found a faded altar of an unknown god.
   192 | D:1      | Prayed at the altar of an unknown god.
   192 | D:1      | Became a worshipper of Fedhas Madash
   192 | D:1      | Reached * piety under Fedhas
   377 | D:1      | Reached XP level 3. HP: 33/33 MP: 3/3
   732 | D:2      | Reached XP level 4. HP: 40/40 MP: 4/4
   811 | D:2      | Reached ** piety under Fedhas
  1301 | D:3      | Reached XP level 5. HP: 7/43 MP: 5/5
  1461 | D:3      | Reached skill level 1 in Invocations
  1723 | D:3      | Noticed Jessica
  1725 | D:3      | Killed Jessica
  2235 | D:4      | Reached XP level 6. HP: 56/56 MP: 5/7
  2322 | D:4      | Reached *** piety under Fedhas
  2416 | D:4      | HP: 1/56 [gnoll bouda/+0 whip (11)]
  2417 | D:4      | Mangled by a gnoll

Illustrated notes

Levels and vault maps discovered:
D:1:      minmay_arrival_four_houses, layout_rooms,
          ebering_ecumenical_altar_sacrificial
D:2:      layout_rooms
D:3:      layout_loops_ring, uniq_jessica
D:4:      minmay_opposing_rooms, layout_loops_corners,
          chequers_temple_overflow_statue_of_worship, minmay_ogre_servants

Skill      XL: |  1  2  3  4  5 |
---------------+----------------+-----
Stealth        | 2 3 4 |  4.4
Dodging        | 2 |  2.6
Ranged Weapons | 4 |  4.9
Invocations    | 1 |  1.6
Fighting       | 3 |  3.3

Action                   |  1- 3 |  4- 6 || total
-------------------------+-------+-------++-------
 Fire: Shortbow          |   100 |   115 ||   215
Invok: Wall of Briars    |       |     1 ||     1
       Grow Ballistomyce |       |     1 ||     1
 Abil: Spit Poison       |       |     7 ||     7
  Use: Scroll            |     4 |     8 ||    12
       Potion            |       |     3 ||     3
Armor: Leather armour    |    13 |     6 ||    19
Dodge: Dodged            |    20 |    29 ||    49

Table legend: (Time is in decaauts)
 A = Elapsed time spent in this place.
 B = Non-inter-level travel time spent in this place.
 C = Inter-level travel time spent in this place.
 D = Time resting spent in this place.
 E = Time spent auto-exploring this place.
 F = Levels seen in this place.
 G = Mean time per level.
                   A        B        C        D        E       F      G
               +--------+--------+--------+--------+--------+-----+--------+
         Total |   3129 |   2866 |    263 |    323 |   2018 |   4 |  782.2 |
       Dungeon |   3129 |   2866 |    263 |    323 |   2018 |   4 |  782.2 |
               +--------+--------+--------+--------+--------+-----+--------+

Top non-repeatable levels by time:
     D:3: 1410 daAuts
     D:2: 795 daAuts
     D:1: 705 daAuts
     D:4: 218 daAuts
